 Dungeon Crawl Stone Soup version 0.20.1-1-g8b1a95d (webtiles) character file.

88 heybroken the Chiller (level 4, -2/31 HPs)
             Began as a Human Ice Elementalist on Aug 4, 2017.
             Slain by an adder (3 damage)
             ... on level 3 of the Dungeon.
             The game lasted 00:33:59 (3584 turns).

heybroken the Chiller (Human Ice Elementalist)      Turns: 3584, Time: 00:34:00

Health: -2/31      AC:  2    Str:  8    XL:     4   Next: 81%
Magic:  3/7        EV: 13    Int: 16    God:
Gold:   118        SH:  0    Dex: 14    Spells: 7/8 levels left

rFire    . . .     SeeInvis .   d - +0 mace
rCold    . . .     Gourm    .   (no shield)
rNeg     . . .     Faith    .   a - +0 robe
rPois    .         Spirit   .   (no helmet)
rElec    .         Reflect  .   (no cloak)
rCorr    .         Harm     .   (no gloves)
MR       .....                  (no boots)
Stlth    +.........             h - amulet of inaccuracy (curse)
Regen    0.1/turn               l - ring of loudness (curse)
MPRegen  0.1/turn               (no ring)

@: no status effects
A: no striking features
a: no special abilities


You were on level 3 of the Dungeon.
You were not hungry.

You visited 1 branch of the dungeon, and saw 4 of its levels.

You collected 118 gold pieces.

Inventory:

Hand Weapons
 d - a +0 mace (weapon)
 q - a +0 hand axe of chopping
Missiles
 o - 20 bolts
Armour
 a - a +0 robe (worn)
 c - a +0 ring mail
 n - a +0 centaur barding
Jewellery
 e - an uncursed amulet of magic regeneration
 h - a cursed amulet of inaccuracy (around neck)
 l - a cursed ring of loudness (left hand)
 m - a cursed amulet of harm {unknown}
Scrolls
 p - a scroll of remove curse {unknown}
Potions
 f - 3 potions of degeneration {unknown}
 g - a potion of might
 i - a potion of curing {unknown}
 j - a potion of magic
 r - a potion of lignification {unknown}
Books
 b - a book of Frost

   Spells                             Type                      Level
   a - Freeze                         Ice                          1
   b - Throw Frost                    Conjuration/Ice              2
   c - Ozocubu's Armour               Charms/Ice                   3
   d - Throw Icicle                   Conjuration/Ice              4
   e - Summon Ice Beast               Ice/Summoning                4
Comestibles
 k - a meat ration


   Skills:
 * Level 0.6 Fighting
 + Level 1.1 Maces & Flails
 * Level 1.3 Armour
 + Level 2.6 Dodging
 + Level 2.0 Stealth
 + Level 0.6 Unarmed Combat
 + Level 2.5 Spellcasting
   Level 1.0 Conjurations
 + Level 3.5 Ice Magic


You had 7 spell levels left.
You knew the following spells:

 Your Spells              Type           Power        Failure   Level  Hunger
a - Freeze                Ice            ##..         4%          1    #......


Dungeon Overview and Level Annotations

Branches:
Dungeon (4/15)
 Temple: D:4-7

Altars:

Annotations:
D:3 Grinder


Message History

Found a royal jelly.
The jackal misses you. The jackal bites you.
* * * LOW HITPOINT WARNING * * *
The gnoll misses you. The jackal closely misses you.
There is a stone staircase leading down here.
You can't go up here!
The jackal bites you.
* * * LOW HITPOINT WARNING * * *
The gnoll barely misses you.
The frilled lizard unfolds its giant frill.
The giant cockroach bites you but does no damage.
You climb downwards.
A worm and a skeleton come into view.
There is a stone staircase leading up here.
The jackal closely misses you. The gnoll hits you but does no damage.
You climb upwards.
Level annotation: Grinder The adder bites you.
You die...

####++++############
....................
≈≈≈≈....≈≈≈≈≈≈≈≈≈≈≈≈
≈≈≈≈....≈≈≈≈≈≈≈≈≈≈≈≈
≈≈≈≈....≈≈≈≈≈≈≈≈≈≈≈≈
....h......w..........
..........h@g..#######
#..#########S#......)% #..#
#.l.#...... #..# ##..#..<...
#..##########..#.#####
######.....5l.......#.(....
....##...........÷...#
....##.............÷.#
....##..###########..############


You could see a worm, a gnoll, an adder, a jackal and a frilled lizard.

Vanquished Creatures
  A gnoll (D:3)
  An adder (D:3)
  An ooze (D:2)
  A worm (D:2)
  2 dart slugs
  A leopard gecko (D:1)
  2 giant cockroaches
  8 goblins
  5 hobgoblins
  6 jackals
  7 kobolds
  2 quokkas
  4 bats
  A frilled lizard (D:2)
  11 rats
53 creatures vanquished.

Notes
Turn   | Place    | Note
-------+----------+-------------------------------------------
     0 | D:1      | heybroken the Human Ice Elementalist began the quest for the Orb.
     0 | D:1      | Reached XP level 1. HP: 13/13 MP: 3/3
   454 | D:1      | Reached XP level 2. HP: 9/19 MP: 5/5
  1061 | D:1      | Reached XP level 3. HP: 20/24 MP: 6/6
  2829 | D:2      | Reached XP level 4. HP: 16/30 MP: 0/7
  2852 | D:2      | Reached skill level 1 in Maces & Flails
  3273 | D:3      | Reached skill level 1 in Armour
  3545 | D:3      | Noticed Grinder
  3545 | D:3      | Paralysed by Grinder for 3 turns
  3578 | D:3      | HP: 1/31 [jackal (2)]
  3584 | D:3      | Slain by an adder

Skill      XL: |  1  2  3  4 |
---------------+-------------+-----
Maces & Flails | 1 |  1.1
Armour         | 1 |  1.3
Fighting       | |  0.6
Dodging        | |  2.6
Stealth        | |  2.0
Unarmed Combat | |  0.6
Spellcasting   | |  2.5
Conjurations   | |  1.0
Ice Magic      | |  3.5

Action                   |  1- 3 |  4- 6 || total
-------------------------+-------+-------++-------
Melee: Unarmed           |    82 |       ||    82
       Mace              |    69 |    42 ||   111
       Punch             |     1 |       ||     1
 Cast: Freeze            |    39 |    30 ||    69
  Use: Scroll            |     5 |       ||     5
  Eat: Bread ration      |     1 |     1 ||     2
       Royal jelly       |     1 |       ||     1
Armor: Robe              |    22 |    12 ||    34
       Ring mail         |    27 |       ||    27
Dodge: Dodged            |   117 |    75 ||   192
